 Dungeon Crawl Stone Soup version 0.30-a0-223-gcb0039aa0c (webtiles) character file.

Game seed: 5906634579477407315

193247 Flugkiller the Spry (level 18, -6/128 HPs)
             Began as an Octopode Delver on Oct 9, 2022.
             Was an Initiate of Gozag.
             Constricted to death by a shambling mangrove (15 damage)
             ... on level 2 of the Swamp.
             The game lasted 01:25:30 (35055 turns).

Flugkiller the Spry (Octopode Delver)              Turns: 35055, Time: 01:25:31

Health: -6/128     AC: 11    Str: 25    XL:     18   Next: 26%
Magic:  24/28      EV: 29    Int: 19    God:    Gozag
Gold:   4154       SH:  9    Dex: 28    Spells: 8/31 levels left

rFire   + + +      SeeInvis +    g - +8 war axe "Ilud" {speed, rPois rF+ Dex+4 Stlth+}
rCold   . . .      Faith    .    A - +0 buckler
rNeg    . . .      Spirit   .    P - +2 hat {SInv}
rPois   +          Reflect  .    U - amulet of regeneration
rElec   +          Harm     .    a - +4 ring of protection
rCorr   .          Rampage  .    V - +6 ring of strength
Will    +....                    G - ring "Luom Leo" {Wiz rF+ Int+4}
Stlth   ++++++....               W - +4 ring of protection
HPRegen 1.21/turn                Q - ring "Lisasux" {EV+4 Str+7}
MPRegen 0.21/turn                b - ring of Xeuk {rElec rF+}
                                 j - +4 ring of slaying
                                 Z - +6 ring of dexterity

@: wereblooded, grasped by roots, gold aura, slowed, constricted, studying
Transmutations, very slow
A: almost no armour, amphibious, 8 rings, camouflage 1, gelatinous body 1,
(nimble swimmer 1), tentacles
}: 1/15 runes: gossamer
a: Renounce Religion, Potion Petition, Call Merchant, Bribe Branch


You were on level 2 of the Swamp.
You worshipped Gozag.
Gozag was most pleased with you.
You visited 6 branches of the dungeon, and saw 29 of its levels.
You visited the Abyss 1 time.
You also visited: Gauntlet and Ice Cave.

You collected 11497 gold pieces.
You spent 3910 gold pieces at shops.
You paid 3433 gold pieces to Gozag.

Inventory:

Hand Weapons
 g - the +8 war axe "Ilud" (weapon) {speed, rPois rF+ Dex+4 Stlth+}
   (You found it in a Gauntlet)

   Attacks with this weapon are significantly faster.
   Dex:       It affects your dexterity (+4).
   rF:        It protects you from fire.
   rPois:     It protects you from poison.
   Stlth:     It makes you more stealthy.
Missiles
 o - 3 throwing nets
 H - 6 curare-tipped darts (quivered)
Armour
 A - a +0 buckler (worn)
   (You found it on level 9 of the Dungeon)
 P - a +2 hat of see invisible (worn)
   (You found it on level 4 of the Spider Nest)
Jewellery
 a - a +4 ring of protection (left tentacle)
   (You bought it in a shop on level 2 of the Orcish Mines)
 b - the ring of Xeuk (on tentacle) {rElec rF+}
   (You bought it in a shop on level 2 of the Orcish Mines)

   [ring of protection from fire]

   rF:        It protects you from fire.
   rElec:     It insulates you from electricity.
 f - a ring of protection from fire
   (You found it on level 14 of the Dungeon)
 j - a +4 ring of slaying (on tentacle)
   (You bought it in a shop on level 1 of the Lair of Beasts)
 y - a +6 ring of intelligence
   (You found it on level 3 of the Spider Nest)
 C - the ring "Ceubopyo" {Fly Dex+5 Stlth+}
   (You found it in a Gauntlet)

   [ring of flight]

   Dex:       It affects your dexterity (+5).
   Fly:       It grants you flight.
   Stlth:     It makes you more stealthy.
 G - the ring "Luom Leo" (on tentacle) {Wiz rF+ Int+4}
   (You bought it in a shop on level 1 of the Lair of Beasts)

   [ring of wizardry]

   It improves your spell success rate.
   Int:       It affects your intelligence (+4).
   rF:        It protects you from fire.
 M - a ring of resist corrosion
   (You found it on level 1 of the Lair of Beasts)
 Q - the ring "Lisasux" (on tentacle) {EV+4 Str+7}
   (You took it off a minotaur in a Gauntlet)

   [ring of evasion]

   EV:        It affects your evasion (+4).
   Str:       It affects your strength (+7).
 U - an amulet of regeneration (around mantle)
   (You found it on level 13 of the Dungeon)
 V - a +6 ring of strength (right tentacle)
   (You took it off a gnoll on level 10 of the Dungeon)
 W - a +4 ring of protection (on tentacle)
   (You found it on level 14 of the Dungeon)
 Z - a +6 ring of dexterity (on tentacle)
   (You bought it in a shop on level 2 of the Orcish Mines)
Wands
 p - a wand of iceblast (11)
   (You found it on level 1 of the Spider Nest)
 s - a wand of charming (14)
   (You found it on level 7 of the Dungeon)
 N - a wand of flame (32)
   (You found it in a Gauntlet)
 O - a wand of light (11)
   (You found it in a Gauntlet)
 X - a wand of digging (2)
Scrolls
 c - 5 scrolls of magic mapping
 m - 4 scrolls of poison
 r - 9 scrolls of identify
 t - 16 scrolls of teleportation
 v - 3 scrolls of fear
 x - 3 scrolls of butterflies
 z - 4 scrolls of blinking
 E - 4 scrolls of enchant armour
 J - 5 scrolls of immolation
 T - a scroll of vulnerability
 Y - a scroll of summoning
Potions
 d - 2 potions of might
 e - a potion of lignification
 h - 5 potions of haste
 i - 7 potions of attraction
 n - 2 potions of resistance
 q - 9 potions of curing
 u - 4 potions of ambrosia
 w - 6 potions of heal wounds
 B - 2 potions of brilliance
 F - 3 potions of cancellation
 I - a potion of flight
 K - 5 potions of mutation
 L - 2 potions of invisibility
 R - 4 potions of magic
Miscellaneous
 k - a tin of tremorstones (2/2)
   (You found it on level 10 of the Dungeon)
 l - a piece from Xom's chessboard (15/15)
   (You found it on level 11 of the Dungeon)
 D - a box of beasts
   (You found it on level 12 of the Dungeon)


   Skills:
 - Level 13.0 Fighting
 - Level 6.0(8.2) Short Blades
 - Level 8.7(9.5) Long Blades
 + Level 14.7 Axes
 - Level 15.0 Dodging
 - Level 6.6 Stealth
 + Level 11.9 Shields
 - Level 7.0 Spellcasting
 - Level 6.0 Conjurations
 - Level 6.0 Summonings
 - Level 5.0 Transmutations
 - Level 6.0 Ice Magic
 - Level 8.0 Air Magic
 - Level 6.0 Evocations


You had 8 spell levels left.
You knew the following spells:

 Your Spells              Type           Power      Damage    Failure   Level
a - Call Canine Familiar  Summ           29%        N/A       1%          3
b - Summon Lightning Spi  Summ/Air       33%        N/A       2%          4
c - Freezing Cloud        Conj/Ice/Air   15%        6-21      9%          5
d - Frozen Ramparts       Ice            58%        1d9       1%          3
e - Wereblood             Tmut           25%        N/A       1%          2
f - Vhi's Electric Charg  Tloc/Air       42%        N/A       2%          3
g - Ozocubu's Armour      Ice            29%        N/A       1%          3

Your spell library contained the following spells:

 Spells                   Type           Power      Damage    Failure   Level
 Beastly Appendage        Tmut           50%        N/A       1%          1
 Freeze                   Ice            100%       1d11      1%          1
 Kiss of Death            Conj/Necr      72%        2d10      1%          1
 Summon Small Mammal      Summ           100%       N/A       1%          1
 Static Discharge         Conj/Air       66%        2-5/arc   1%          2
 Hailstorm                Conj/Ice       29%        3d8       1%          3
 Airstrike                Air            18%        2d(3-19)  1%          4
 Cigotuvi's Dreadful Rot  Necr/Pois/Air  32%        N/A       2%          2
 Passwall                 Tmut/Erth      13%        N/A       2%          2
 Necrotise                Necr           24%        1d5       4%          1
 Sandblast                Erth           12%        2d6       4%          1
 Stone Arrow              Conj/Erth      36%        3d9       4%          3
 Summon Guardian Golem    Hex/Summ       18%        N/A       4%          3
 Spider Form              Tmut/Pois      16%        N/A       5%          3
 Arcjolt                  Conj/Air       16%        1d26      8%          5
 Lightning Bolt           Conj/Air       16%        1d30      8%          5
 Gell's Gravitas          Tloc           6%         N/A       14%         3
 Lesser Beckoning         Tloc           12%        N/A       14%         3
 Teleport Other           Tloc           6%         N/A       14%         3
 Vampiric Draining        Necr           6%         2d6       14%         3
 Metabolic Englaciation   Hex/Ice        9%         N/A       34%         5
 Dispel Undead            Necr           6%         3d8       41%         4
 Agony                    Necr           6%         N/A       75%         5
 Death Channel            Necr           3%         N/A       99%         6
 Polar Vortex             Ice            14%        N/A       100%        9
 Simulacrum               Ice/Necr       Unusable   N/A       N/A         6

Dungeon Overview and Level Annotations

Branches:
Dungeon (15/15) Zot: 25927  Temple (1/1) D:4 Zot: 5950    Lair (5/5) D:10 Zot: 21969
  Swamp (2/4) Lair:2 Zot: 11162  Spider (4/4) Lair:3 Zot: 19928   Slime (0/5) Lair:5
    Orc (2/2) D:11 Zot: 10217     Elf (0/3) Orc:2        Vaults (0/5) D:13
 Depths (0/4) D:15          IceCv (visited)         Gauntlet (visited)

Altars:
Ashenzari
Cheibriados
Dithmenos
Elyvilon
Fedhas
Gozag
Hepliaklqana
Kikubaaqudgha
Makhleb
Nemelex Xobeh
Okawaru
Qazlal
Ru
Sif Muna
Trog
Uskayaw
Vehumet
Wu Jian
Xom
Yredelemnul
Zin
The Shining One

Shops:
D:4 (   D:6 [   Orc:2 (=**(*=(([   Lair:1 :=

Portals:
Pandemonium: Orc:2

Annotations:
D:6 exclusions: phantom and shadow
D:13 Jorgrun, Rupert
Spider:2 1 runed translucent door, Johiy's ghost, adept MiFi
Orc:2 2 runed translucent doors, Notanamesir's ghost, journeyman DsGl


Innate Abilities, Weirdness & Mutations

You cannot wear most types of armour.
You are amphibious.
You can wear up to eight rings at the same time.
Your skin changes colour to match your surroundings (Stealth+).
Your rubbery body absorbs attacks. (AC +1, EV +1)
((You are camouflaged when in or above water. (Stealth+)))
You have tentacles for arms and can constrict up to eight enemies at once.


Message History

A swamp worm comes into view.
The goliath frog completely misses you.
You see here 6 gold pieces.
Casting: Vhi's Electric Charge (mildly dangerous; 2% risk of failure)
Confirm with . or Enter, or press ? or * to list all spells.
Okay, then.
Casting: Vhi's Electric Charge (mildly dangerous; 2% risk of failure)
Confirm with . or Enter, or press ? or * to list all spells.
Your blood is infused with primal strength.
The goliath frog completely misses you.
The shambling mangrove completely misses you.
You hit the shambling mangrove but do no damage.
The goliath frog completely misses you.
You hit the shambling mangrove.
Your squeeze misses the shambling mangrove.
The shambling mangrove is lightly damaged.
You block the shambling mangrove's attack.
You hit the shambling mangrove. You squeeze the shambling mangrove.
The shambling mangrove is lightly damaged.
You block the goliath frog's attack.
You hit the shambling mangrove. You squeeze the shambling mangrove.
The shambling mangrove is moderately damaged.
The goliath frog hits you but does no damage.
You slash the shambling mangrove!
The shambling mangrove is moderately damaged.
The shambling mangrove closely misses you.
The goliath frog closely misses you.
You slash the shambling mangrove!
The shambling mangrove is heavily damaged.
You hit the shambling mangrove but do no damage.
You squeeze the shambling mangrove.
The shambling mangrove is heavily damaged.
You block the goliath frog's attack.
You block the shambling mangrove's attack.
You slash the shambling mangrove!
You squeeze the shambling mangrove, but do no damage.
The shambling mangrove is severely damaged.
You hit the shambling mangrove.
The shambling mangrove is severely damaged.
The goliath frog barely misses you.
Angry insects surge out from beneath the shambling mangrove's foliage!
Roots burst forth from the earth!
The grasping roots grab you! The grasping roots constrict you!
You hit the shambling mangrove.
The shambling mangrove is severely damaged.
You slash the hornet! You barely miss the hornet. You hit the swamp worm.
You slash the shambling mangrove!
You squeeze the shambling mangrove, but do no damage.
The shambling mangrove is severely damaged.
You barely miss the swamp worm. You slash the hornet! x2
The goliath frog completely misses you. The hornet completely misses you.
The hornet misses you. The swamp worm barely misses you.
You slash the shambling mangrove! You squeeze the shambling mangrove.
The shambling mangrove is almost destroyed.
You hit the swamp worm. You hit the hornet. You closely miss the hornet.
You barely miss the hornet. You block the hornet's attack.
The hornet barely misses you. The goliath frog hits you from afar!!
You are splashed with acid!
The hornet stings you but does no damage.
The shambling mangrove hits you. The grasping roots constrict you.
The swamp worm completely misses you.
You barely miss the shambling mangrove.
You squeeze the shambling mangrove, but do no damage.
The shambling mangrove is almost destroyed.
You barely miss the hornet. You slash the swamp worm! You slice the hornet!!
You hit the hornet. The hornet stings you.
You feel yourself slow down.
You hit the shambling mangrove but do no damage.
The shambling mangrove is almost destroyed.
You slash the swamp worm! You slice the hornet!!
You feel a bit better.
You kill the hornet!
You slash the hornet!
You feel a bit better.
You kill the hornet!
You slash the hornet! You block the hornet's attack.
The goliath frog completely misses you. The swamp worm completely misses you.
The shambling mangrove hits you! The grasping roots constrict you!
You block the hornet's attack.
You are too injured to fight recklessly!
You are too injured to fight recklessly!
You slash the hornet! You grab the hornet. Your squeeze misses the hornet.
The hornet is almost dead.
You completely miss the swamp worm. You hit the shambling mangrove.
You constrict the hornet. The goliath frog hits you from afar!!
You are splashed with acid!
* * * LOW HITPOINT WARNING * * *
The swamp worm bites you but does no damage.
Unknown command.
You slice the hornet!!
You feel a bit better.
You kill the hornet!
You slice the swamp worm!!
You feel a bit better.
You kill the swamp worm!
You hit the shambling mangrove but do no damage.
The goliath frog hits you from afar!!
* * * LOW HITPOINT WARNING * * *
You are splashed with acid!
* * * LOW HITPOINT WARNING * * *
You block the shambling mangrove's attack.
The grasping roots constrict you!
You die...
Your body crumbles into a pile of gold.

♣♣..~~..~♣♣♣...####
♣♣♣♣..~~.....♣♣..#....
♣.....§~.~~§.~...#....
~~..~~~~~~..~...#...÷
♣♣§.~~§~.~~♣♣♣...##..
♣..~~~~~.~♣ ♣..#...#
♣.~~~~~~~♣♣♣~..#....
♣♣.$$~~~~~♣♣....#....
♣~.$@.~~~.♣..~..#....
♣§...f$~~~..~....#####
♣.~~~F~♣♣~.~~§~~......
♣~~~~~~.♣
..~~~~~~.....
♣♣....... ...~ ~...~.~
♣.§~....~~ ..~ ..~~.~~
♣.~~~~..~~ ~.§ ...~~~§
♣..~~~..... ~......
~....~.


You could see a shambling mangrove and a goliath frog.

Vanquished Creatures
  An Ice Fiend (IceCv)
  Kirke (Spider:3)
  Donald (Swamp:2)
  2 thorn hunters (Swamp:2)
  A fenstrider witch (Swamp:1)
  7 emperor scorpions
  Louise (Spider:3)
  4 ghost moths
  2 broodmothers
  A very ugly thing (Spider:2)
  A dire elephant (D:15)
  An eleionoma (Swamp:1)
  A minotaur (Gauntlet)
  A spark wasp (Spider:3)
  A bunyip (Swamp:2)
  Snorg (Orc:1)
  A spriggan zombie (Abyss:2)
  An entropy weaver (Spider:1)
  12 hydras
  3 vault guards (D:13)
  2 radroaches
  3 jorogumos
  Erica (D:10)
  An ogre mage (D:15)
  5 alligators
  4 boulder beetles
  2 ghost crabs
  A catoblepas (Lair:5)
  2 demonspawn (Orc:2)
  3 centaur warriors
  7 two-headed ogres
  2 death yaks (Lair:4)
  6 orc high priests (Orc:2)
  A thrashing horror (Abyss:2)
  3 skeletal warriors (D:14)
  Amaemon (D:8)
  5 goliath frogs
  7 pharaoh ants
  6 steelbarb worms
  A swamp dragon (Swamp:1)
  A lindwurm (Lair:3)
  8 orb spiders
  2 obsidian statues (IceCv)
  6 bog bodies
  3 wizards
  5 orc knights
  A necromancer (D:13)
  2 deep elf pyromancers
  20 wolf spiders
  15 ugly things
  4 cyclopes
  2 manticores
  A salamander (D:15)
  6 orc sorcerers (Orc:2)
  15 elephants
  3 will-o-the-wisps
  5 moths of wrath
  3 black mambas
  4 torpor snails
  19 cane toads
  A gargoyle (D:12)
  An unseen horror (D:13)
  An orange demon (D:8)
  4 demonic crawlers
  8 komodo dragons
  2 efreet
  6 freezing wraiths (IceCv)
  A yaktaur (D:13)
  2 kobold demonologists (D:10)
  A rime drake (Lair:2)
  2 red devils (Orc:2)
  A polar bear (Lair:1)
  3 meliai (Spider:1)
  5 tyrant leeches
  7 trolls
  4 hornets (Swamp:2)
  A large abomination (Abyss:2)
  2 slime creatures (D:15)
  28 tarantellas
  Prince Ribbit (D:8)
  11 blink frogs
  A flying skull (Abyss:2)
  2 vampires
  18 jumping spiders
  2 ynoxinuls (Orc:2)
  A yak (shapeshifter) (D:14)
  21 culicivoras
  A spriggan (Swamp:2)
  4 shadows
  A centaur simulacrum (D:15)
  3 hogs (Spider:3)
  2 steam dragons (D:8)
  5 wraiths
  24 vampire mosquitoes
  7 wyverns
  2 basilisks
  39 yaks
  14 fire bats (D:10)
  2 minotaur simulacra (IceCv)
  53 redbacks
  2 chaos spawn
  18 humans (D:13)
  Grum (D:8)
  6 swamp worms
  3 wargs
  2 acid dragons
  A swamp drake (Swamp:2)
  16 water moccasins
  Pargi (D:3)
  3 black bears
  An ice beast (D:6)
  14 ogres
  A sky beast (D:6)
  30 orc warriors
  6 centaurs
  17 wolves
  5 kobold brigands
  18 bullfrogs
  2 gnoll sergeants
  A necrophage (D:6)
  2 scorpions
  A deep troll simulacrum (IceCv)
  A wight (D:9)
  4 killer bees (D:9)
  A lindwurm simulacrum (IceCv)
  A troll zombie (D:11)
  5 howler monkeys
  3 electric eels
  3 hounds
  22 orc priests
  4 jellies
  Ijyb (D:3)
  An iguana (D:5)
  23 orc wizards
  7 hell rats
  5 ogre zombies (D:11)
  4 adders
  17 gnolls
  2 shadow imps (D:7)
  A white imp (Gauntlet)
  2 ufetubi (D:5)
  3 worms
  10 dart slugs
  71 orcs
  6 endoplasms
  3 giant cockroaches
  10 hobgoblins
  3 jackals (D:3)
  4 quokkas
  7 ball pythons
  79 bats
  A frilled lizard (D:3)
  4 goblins
  3 goblin zombies (D:11)
  2 hobgoblin skeletons (D:11)
  2 hobgoblin zombies (D:11)
  29 kobolds
  11 orc zombies (D:11)
  6 rats
1038 creatures vanquished.

Vanquished Creatures (collateral kills)
  A catoblepas (Lair:3)
  A death yak (Lair:4)
  A wolf spider (Spider:1)
  2 rime drakes
  A polar bear (Lair:4)
  A tyrant leech (Lair:5)
  A tarantella (Spider:1)
  3 blink frogs (Lair:5)
  A wyvern (Lair:5)
  5 yaks
  2 vampire mosquitoes (Lair:5)
  A water moccasin (Lair:4)
  A wolf (Lair:2)
  2 bullfrogs
23 creatures vanquished.

Vanquished Creatures (others)
  2 cane toads (Lair:2)
  A bloated husk (Swamp:1)
  A blink frog (Lair:5)
  2 yaks (Lair:2)
  2 humans (Spider:3)
  An orc wizard (D:8)
  16 fungi
  119 plants
  14 withered plants (Gauntlet)
158 creatures vanquished.

Grand Total: 1219 creatures vanquished

Notes
Turn   | Place    | Note
-------+----------+-------------------------------------------
     0 | D:5      | Flugkiller the Octopode Delver began the quest for the Orb.
     0 | D:5      | Reached XP level 1. HP: 16/16 MP: 1/1
    17 | D:5      | Noticed a jelly
    84 | D:4      | Found a broken altar of Ashenzari.
   115 | D:4      | Found Allull's Firing Range.
   134 | D:4      | Reached XP level 2. HP: 21/21 MP: 2/2
   177 | D:4      | Noticed an angel
   178 | D:4      | Found a glowing silver altar of Zin.
   212 | D:4      | Reached skill level 3 in Dodging
   281 | D:4      | Reached XP level 3. HP: 21/26 MP: 3/3
   299 | D:4      | Found a staircase to the Ecumenical Temple.
   324 | Temple   | Entered the Ecumenical Temple
   364 | Temple   | Became a worshipper of Gozag Ym Sagoz the Greedy
   448 | D:4      | Found a snail-covered altar of Cheibriados.
   456 | D:4      | Found a basalt altar of Yredelemnul.
   883 | D:1      | Found a faded altar of an unknown god.
   947 | D:1      | Reached skill level 4 in Dodging
  1043 | D:1      | Reached XP level 4. HP: 31/31 MP: 4/4
  1903 | D:3      | Found a hazy altar of Hepliaklqana.
  1904 | D:3      | Noticed Pargi
  1914 | D:3      | Killed Pargi
  1915 | D:3      | Reached skill level 5 in Dodging
  1915 | D:3      | Reached XP level 5. HP: 36/36 MP: 5/5
  2124 | D:3      | Found an iron altar of Okawaru.
  2151 | D:3      | Found a white marble altar of Elyvilon.
  2168 | D:3      | Noticed Ijyb
  2173 | D:3      | Killed Ijyb
  2349 | D:3      | Found a hide-covered altar of Uskayaw.
  2422 | D:3      | Reached skill level 1 in Evocations
  2422 | D:3      | Reached XP level 6. HP: 43/43 MP: 6/6
  2474 | D:3      | Found a shadowy altar of Dithmenos.
  2862 | D:5      | Noticed a black bear
  2890 | D:4      | Killed a black bear
  3090 | D:5      | Found a stormy altar of Qazlal.
  3116 | D:5      | Reached XP level 7. HP: 36/48 MP: 7/7
  4034 | D:6      | Reached skill level 5 in Fighting
  4103 | D:6      | Reached skill level 6 in Dodging
  4103 | D:6      | Reached XP level 8. HP: 41/55 MP: 8/8
  4171 | D:6      | Noticed a shadow
  4353 | D:6      | Found Wuuzxoig's Antique Armour Boutique.
  4860 | D:6      | Reached skill level 7 in Dodging
  5100 | D:7      | Found a shimmering blue altar of Sif Muna.
  5244 | D:7      | Reached skill level 5 in Short Blades
  5244 | D:7      | Reached XP level 9. HP: 29/64 MP: 9/9
  6243 | D:7      | Reached skill level 8 in Dodging
  6285 | D:7      | Found an ornate altar of the Wu Jian Council.
  6382 | D:7      | Got Sif Muna's Atlas of Necromancy
  6485 | D:8      | Reached skill level 9 in Dodging
  6703 | D:8      | Identified the +0 helmet of the Wilderness {*Slow rPois
                  | Str+2}
  6892 | D:8      | Noticed Prince Ribbit
  6895 | D:8      | Killed Prince Ribbit
  6896 | D:8      | Reached skill level 10 in Dodging
  6932 | D:8      | Noticed Grum
  6937 | D:8      | Reached XP level 10. HP: 71/71 MP: 10/10
  6940 | D:8      | Killed Grum
  6946 | D:8      | Noticed an orange demon
  6952 | D:8      | Noticed Amaemon
  6984 | D:8      | Killed Amaemon
  6985 | D:8      | Reached skill level 11 in Dodging
  6985 | D:8      | Reached skill level 5 in Evocations
  7539 | D:8      | Learned a level 3 spell: Call Canine Familiar
  7572 | D:8      | Found a shimmering altar of Xom.
  7574 | D:8      | Found an opulent altar of Gozag.
  7574 | D:8      | Found a shimmering blue altar of Sif Muna.
  7611 | D:8      | Found a sparkling altar of Nemelex Xobeh.
  7611 | D:8      | Found a white marble altar of Elyvilon.
  7611 | D:8      | Found a bloodstained altar of Trog.
  8111 | D:9      | Reached skill level 1 in Summonings
  8115 | D:9      | Reached skill level 1 in Spellcasting
  8399 | D:9      | Noticed a four-headed hydra
  8399 | D:9      | Noticed a cyclops
  8534 | D:8      | Killed an orange demon
  8612 | D:9      | Killed a cyclops
  8769 | D:9      | Killed a four-headed hydra
  8877 | D:9      | Found a burning altar of Makhleb.
  8888 | D:9      | Noticed a purple ugly thing
  8986 | D:9      | Reached skill level 1 in Shields
  9172 | D:9      | Reached skill level 1 in Long Blades
  9172 | D:9      | Reached XP level 11. HP: 54/75 MP: 17/17
  9260 | D:9      | Found a radiant altar of Vehumet.
  9724 | D:9      | Identified the +2 robe of Juevem {rF+}
  9771 | D:9      | Reached skill level 5 in Summonings
 10474 | D:9      | Noticed a centaur warrior
 10475 | D:9      | Noticed a deep elf pyromancer
 10577 | D:9      | Killed a deep elf pyromancer
 11016 | D:9      | Killed a purple ugly thing
 11116 | D:10     | Entered Level 10 of the Dungeon
 11172 | D:9      | Killed a centaur warrior
 11357 | D:10     | Noticed a two-headed ogre
 11428 | D:9      | Reached skill level 5 in Long Blades
 11539 | D:10     | Noticed Erica
 11846 | D:10     | Killed Erica
 12304 | D:10     | Found a staircase to the Lair.
 12355 | D:10     | Found a blossoming altar of Fedhas.
 12667 | D:10     | Found a shimmering blue altar of Sif Muna.
 12892 | D:10     | Reached XP level 12. HP: 52/84 MP: 18/18
 13577 | D:10     | Found a shimmering blue altar of Sif Muna.
 13580 | D:10     | Found a runed translucent door.
 13582 | D:10     | Found a hazy altar of Hepliaklqana.
 13583 | D:10     | Found a bloodstained altar of Trog.
 13630 | D:10     | Found a shimmering blue altar of Sif Muna.
 13632 | D:10     | Found a shimmering altar of Xom.
 14108 | D:10     | Killed a two-headed ogre
 14588 | Lair:1   | Entered Level 1 of the Lair of Beasts
 14599 | Lair:1   | Bought the ring "Luom Leo" {Wiz rF+ Int+4} for 733 gold
                  | pieces
 14604 | Lair:1   | Learned a level 4 spell: Summon Lightning Spire
 14611 | Lair:1   | Learned a level 5 spell: Freezing Cloud
 15201 | Lair:1   | Reached skill level 1 in Air Magic
 16130 | Lair:2   | Reached skill level 10 in Fighting
 16560 | Lair:2   | Reached skill level 5 in Air Magic
 16618 | Lair:2   | Found a staircase to the Swamp.
 16794 | Lair:2   | Reached skill level 1 in Conjurations
 16796 | Lair:2   | Reached skill level 1 in Ice Magic
 16994 | Lair:2   | Reached XP level 13. HP: 76/92 MP: 15/19
 17955 | Lair:3   | Found a gate leading to a gauntlet.
 17959 | Gauntlet | Entered a Gauntlet
 17959 | Gauntlet | Found a transporter.
 17959 | Gauntlet | Found a transporter.
 17959 | Gauntlet | Found a transporter.
 17979 | Gauntlet | Found a transporter.
 17993 | Gauntlet | Found a transporter.
 18009 | Gauntlet | Found a transporter.
 18024 | Gauntlet | Found a transporter.
 18029 | Gauntlet | Found a transporter.
 18033 | Gauntlet | Found a transporter.
 18038 | Gauntlet | Noticed a balrug
 18046 | Gauntlet | Found a transporter.
 18046 | Gauntlet | Found a transporter.
 18053 | Gauntlet | Found a transporter.
 18117 | Gauntlet | Identified the +1 tower shield of Xom's Righteous Fury
                  | {SInv}
 18117 | Gauntlet | Identified the ring "Lisasux" {EV+4 Str+7}
 18117 | Gauntlet | Noticed a minotaur
 18235 | Abyss:2  | Cast into level 2 of the Abyss (a wizard)
 18311 | Abyss:2  | Reached skill level 5 in Spellcasting
 18332 | Gauntlet | Escaped the Abyss
 18344 | Gauntlet | Identified the +8 war axe "Ilud" {speed, rPois rF+ Dex+4
                  | Stlth+}
 18579 | Gauntlet | Killed a minotaur
 18622 | Gauntlet | Identified the ring "Ceubopyo" {Fly Dex+5 Stlth+}
 18983 | Lair:3   | Learned a level 3 spell: Frozen Ramparts
 19031 | Lair:3   | You are sucked into a shaft and drop 1 floor!
 19244 | Lair:3   | Found a hole to the Spider Nest.
 21006 | Lair:4   | Reached skill level 5 in Conjurations
 21006 | Lair:4   | Reached skill level 5 in Ice Magic
 21297 | Lair:5   | Entered Level 5 of the Lair of Beasts
 21331 | Lair:5   | Reached XP level 14. HP: 69/99 MP: 2/23
 21590 | Lair:5   | Reached skill level 1 in Axes
 21720 | Lair:5   | Learned a level 2 spell: Wereblood
 21754 | Lair:5   | Reached skill level 1 in Transmutations
 22785 | Lair:5   | Found a staircase to the Slime Pits.
 23254 | Lair:1   | Bought a +4 ring of slaying for 1092 gold pieces
 23394 | D:11     | Found a staircase to the Orcish Mines.
 23412 | D:11     | Reached skill level 12 in Dodging
 23525 | D:11     | Reached skill level 5 in Axes
 25018 | D:13     | Noticed Rupert
 25018 | D:13     | Noticed Jorgrun
 25070 | D:13     | Reached XP level 15. HP: 107/107 MP: 25/25
 25175 | D:13     | Found a gate to the Vaults.
 25933 | D:14     | Reached skill level 5 in Transmutations
 26461 | D:15     | Entered Level 15 of the Dungeon
 26846 | D:15     | Reached skill level 13 in Dodging
 27254 | D:15     | Found a staircase to the Depths.
 27488 | Orc:1    | Entered Level 1 of the Orcish Mines
 27847 | Orc:1    | Noticed Snorg
 27863 | Orc:1    | Killed Snorg
 27864 | Orc:1    | Reached skill level 10 in Axes
 28077 | Orc:1    | Learned a level 3 spell: Vhi's Electric Charge
 28101 | Orc:2    | Entered Level 2 of the Orcish Mines
 28224 | Orc:2    | Found Nuhom's General Store.
 28238 | Orc:2    | Found a large runed translucent door.
 28238 | Orc:2    | Found a large runed translucent door.
 28259 | Orc:2    | Found Vaist's General Store.
 28259 | Orc:2    | Found Piyjoun's General Store.
 28484 | Orc:2    | Bought a scroll of summoning for 133 gold pieces
 28523 | Orc:2    | Bought a potion of mutation for 96 gold pieces
 28525 | Orc:2    | Bought a potion of heal wounds for 80 gold pieces
 28548 | Orc:2    | Reached XP level 16. HP: 114/114 MP: 21/26
 28564 | Orc:2    | Reached skill level 5 in Shields
 28721 | Orc:2    | Found Diutz's Weapon Boutique.
 28735 | Orc:2    | Found a staircase to the Elven Halls.
 28912 | Orc:2    | Found Yckeecurgh's Weapon Emporium.
 29037 | Orc:2    | Found Raar's Antique Weapon Shoppe.
 29037 | Orc:2    | Found Debetz's Jewellery Emporium.
 29038 | Orc:2    | Found a one-way gate leading to the halls of Pandemonium.
 29042 | Orc:2    | Bought a +6 ring of dexterity for 576 gold pieces
 29042 | Orc:2    | Bought the ring of Xeuk {rElec rF+} for 624 gold pieces
 29042 | Orc:2    | Bought a +4 ring of protection for 576 gold pieces
 29159 | Orc:2    | Found Naov's Antique Armour Boutique.
 29193 | Orc:2    | Found Nuclemus's Weapon Emporium.
 29294 | Orc:2    | Noticed Notanamesir's ghost (journeyman DsGl)
 29461 | Spider:1 | Entered Level 1 of the Spider Nest
 30568 | Spider:2 | Found a runed translucent door.
 30648 | Spider:2 | Found a frozen archway.
 30661 | Spider:2 | Reached skill level 14 in Dodging
 30714 | IceCv    | Entered an ice cave
 30828 | IceCv    | Identified the +2 pair of boots of the Bedazzled God {Str+6
                  | Int+3 Dex+3}
 30919 | IceCv    | Noticed an Ice Fiend
 30977 | IceCv    | Killed an Ice Fiend
 31287 | Spider:2 | Noticed Johiy's ghost (adept MiFi)
 31544 | Spider:3 | Noticed Louise
 31553 | Spider:3 | Killed Louise
 31554 | Spider:3 | Reached XP level 17. HP: 122/122 MP: 24/27
 31866 | Spider:3 | Noticed Kirke
 31872 | Spider:3 | Killed Kirke
 32098 | Spider:3 | Reached skill level 15 in Dodging
 32331 | Spider:3 | Learned a level 3 spell: Ozocubu's Armour
 32343 | Spider:4 | Entered Level 4 of the Spider Nest
 33150 | Spider:4 | Reached skill level 10 in Shields
 33423 | Spider:4 | Got a gossamer rune of Zot
 33691 | Spider:4 | Identified the +0 robe "Vugog" {Str+4}
 34155 | Swamp:1  | Entered Level 1 of the Swamp
 34424 | Swamp:1  | Identified the +4 robe of the Sacrificial Victim {rC++}
 34451 | Swamp:1  | Reached XP level 18. HP: 107/128 MP: 25/28
 34802 | Swamp:2  | Noticed Donald
 34812 | Swamp:2  | Killed Donald
 35055 | Swamp:2  | Constricted to death by a shambling mangrove

Illustrated notes

Levels and vault maps discovered:
D:1:      amcnicky_arrival_gap_in_the_tavern_cellar, layout_basic,
          ebering_ecumenical_altar_petrified
D:2:      layout_loops_ring
D:3:      layout_basic, nicolae_hepliaklqana_hazy_memory,
          mainiacjoe_overflow_boulevard, nicolae_dithmenos_shadow_blocks,
          okawaru_trees_1, elyvilon_altar_1, uniq_pargi, uniq_ijyb
D:4:      kennysheep_slugbush, layout_rooms, zin_angel,
          nicolae_ashenzari_skybound, grunt_temple_overflow_open,
          minmay_temple_entry_gardened_gates, nicolae_shop_firing_range
D:5:      layout_cave_pools, lemuel_doored_altar
D:6:      layout_basic, serial_shops, nicolae_shop_hallway_plus
D:7:      layout_layer_cave, led_sif_book, lemuel_tele_altar
D:8:      layout_loops_ring, doesnt_xom_only_xom, uniq_prince_ribbit1,
          uniq_grum, uniq_amaemon
D:9:      layout_long_grid, nicolae_vehumet_altar_sigil, bloody_makhleb,
          minmay_shattered_shrine
D:10:     due_megacathedral, layout_basic, fedhas_ov_isle_minmay,
          erik_lair_orcish_takeover, special_room [special_room_orc], uniq_erica
D:11:     layout_long_grid, zombieorc1_lemuel
D:12:     layout_small_grid
D:13:     layout_cave_pools, grunt_vaults_entry_tiered, uniq_rupert,
          uniq_jorgrun
D:14:     layout_basic
D:15:     hangedman_depths_entry_try_elsewhere_first, layout_basic,
          serial_aquarium, aquarium_bridge_straight [aquarium_subvault_bridge,
          aquarium_subvault_window, aquarium_subvault_bridge,
          aquarium_subvault_window], aquarium_window_1, aquarium_window_2,
          aquarium_window_double, aquarium_window_3, aquarium_view_2b,
          aquarium_view_2d, aquarium_balcony_double_3, nrook_campfire
Temple:   nicolae_temple_ecumenical_triangle
Lair:1:   layout_cave_shapes, serial_bayou_shore_a
Lair:2:   layout_cave_shapes, skrybe_swamp_entry_bodies
Lair:3:   layout_regular_city, dummy_spider_entry, gauntlet_entry_generic,
          serial_forest, infiniplex_forest_lined_2, infiniplex_forest_lined_3,
          infiniplex_forest_diagonal, infiniplex_forest_clump_tiny,
          infiniplex_forest_clump_long, infiniplex_forest_zigzag_1,
          beast_lair_carwin_7, serial_bayou_shore_b, infiniplex_staircase_pool,
          lemuel_fruit_tree
Lair:4:   layout_regular_city, grunt_megastairs_3
Lair:5:   minmay_lair_end_frog_pond, layout_misc_corridors, slime_entry_1
Swamp:1:  layout_basic_swamp, hangedman_swamp_blocks, nicolae_swamp_spooky_pond
Swamp:2:  layout_basic_swamp, evilmike_swamp_ruin_house_5,
          nicolae_swamp_spriggan_camp, infiniplex_staircase_pool_2, uniq_donald
Spider:1: layout_cave_pods
Spider:2: layout_spider_delve, portal_ice_cave_entry_ugly_swarm,
          ebering_ghost_reflecting_pool, hellmonk_narrow_tunnel
Spider:3: layout_spider_delve, drop_trap, uniq_kirke, uniq_louise
Spider:4: grunt_spider_rune_circles, hangedman_spider_mandibles,
          hellmonk_motheaten_closet
Orc:1:    layout_caves, nicolae_orc_sculptors_studio, uniq_snorg
Orc:2:    pf_orc_diabolical, layout_diamond_mine, serial_shops, shop,
          nicolae_shop_bloodbath_and_beyond, nicolae_shop_waterfront,
          nicolae_shop_advertising_works [nicolae_subvault_shop_adworks],
          nicolae_lakefront_shop, ebering_ghost_disaster_area, mines1_david

Skill      XL: |  1  2  3  4  5  6  7  8  9 10 11 12 13 14 15 16 17 |
---------------+----------------------------------------------------+-----
Dodging        | 3 4 5 6 7 10 11 12 13 14 15 | 15.0
Evocations     | 1 2 4 6 |  6.0
Short Blades   | 4 5 6 |  6.0
Fighting       | 4 5 7 8 10 11 12 13 | 13.0
Summonings     | 4 6 |  6.0
Spellcasting   | 4 6 7 |  7.0
Shields        | 1 4 7 11 | 11.9
Long Blades    | 1 6 8 |  8.7
Air Magic      | 6 8 |  8.0
Conjurations   | 1 5 6 |  6.0
Ice Magic      | 1 5 6 |  6.0
Axes           | 6 10 11 14 | 14.7
Transmutations | 2 5 |  5.0
Stealth        | |  6.6

Action                   |  1- 3 |  4- 6 |  7- 9 | 10-12 | 13-15 | 16-18 || total
-------------------------+-------+-------+-------+-------+-------+-------++-------
Melee: Short sword       |    50 |       |       |       |       |       ||    50
       Constrict         |    14 |    16 |    32 |   107 |   127 |   178 ||   474
       Tentacles         |    10 |    13 |    47 |   196 |   205 |   271 ||   742
       Dagger            |     6 |    79 |   155 |   327 |       |       ||   567
       Punch             |       |       |     6 |    12 |     8 |    13 ||    39
       Scimitar          |       |       |       |   425 |   304 |       ||   729
       War axe           |       |       |       |       |   418 |   824 ||  1242
Throw: Boomerang         |       |       |    11 |       |       |       ||    11
       Dart              |       |       |       |    19 |     1 |       ||    20
 Cast: Call Canine Famil |       |       |       |    18 |     5 |     4 ||    27
       Summon Lightning  |       |       |       |    12 |    42 |     7 ||    61
       Frozen Ramparts   |       |       |       |       |    27 |     2 ||    29
       Freezing Cloud    |       |       |       |       |    46 |     4 ||    50
       Wereblood         |       |       |       |       |    31 |    21 ||    52
       Vhi's Electric Ch |       |       |       |       |     9 |    63 ||    72
       Ozocubu's Armour  |       |       |       |       |       |     7 ||     7
Invok: Call Merchant     |       |       |       |     2 |       |     1 ||     3
       Potion Petition   |       |       |       |     1 |     2 |       ||     3
Evoke: Wand              |       |     4 |     6 |    28 |     3 |     1 ||    42
  Use: Scroll            |       |     4 |     6 |     9 |    13 |     1 ||    33
       Potion            |       |       |     2 |     6 |     6 |     6 ||    20
 Stab: Sleeping          |    13 |    21 |    18 |     7 |    20 |    11 ||    90
       Invisible         |       |       |     3 |     5 |     3 |       ||    11
       Distracted        |       |       |     1 |     8 |    17 |    19 ||    45
       Held in net/web   |       |       |       |       |       |     1 ||     1
       Confused          |       |       |       |       |       |     3 ||     3
Armor: Skin              |     2 |     3 |     2 |    36 |     8 |    96 ||   147
Dodge: Dodged            |    14 |    41 |    79 |   531 |   466 |   829 ||  1960
Block: Buckler           |       |       |       |   152 |   157 |   240 ||   549

Table legend: (Time is in decaauts)
 A = Elapsed time spent in this place.
 B = Non-inter-level travel time spent in this place.
 C = Inter-level travel time spent in this place.
 D = Time resting spent in this place.
 E = Time spent auto-exploring this place.
 F = Levels seen in this place.
 G = Mean time per level.
                   A        B        C        D        E       F      G
               +--------+--------+--------+--------+--------+-----+--------+
         Total |  34608 |  32888 |   1720 |   8575 |  14748 |  32 | 1081.5 |
       Dungeon |  18798 |  17865 |    933 |   4929 |   7911 |  15 | 1253.2 |
        Temple |     49 |     41 |      8 |      0 |     22 |   1 |   49.0 |
          Lair |   8030 |   7561 |    469 |   2532 |   2915 |   5 | 1606.0 |
         Swamp |    836 |    812 |     24 |     79 |    474 |   2 |  418.0 |
   Spider Nest |   4071 |   3824 |    247 |    563 |   2121 |   4 | 1017.8 |
  Orcish Mines |   1782 |   1744 |     38 |    194 |   1163 |   2 |  891.0 |
         Abyss |     95 |     95 |      0 |      0 |      0 |   1 |   95.0 |
      Ice Cave |    359 |    359 |      0 |     89 |      0 |   1 |  359.0 |
      Gauntlet |    584 |    584 |      0 |    188 |    142 |   1 |  584.0 |
               +--------+--------+--------+--------+--------+-----+--------+

Top non-repeatable levels by time:
     D:9: 3919 daAuts
    D:10: 2298 daAuts
  Lair:4: 2008 daAuts
  Lair:1: 1982 daAuts
     D:8: 1872 daAuts
  Lair:2: 1618 daAuts
Spider:4: 1565 daAuts
  Lair:5: 1359 daAuts
     D:7: 1300 daAuts
     D:6: 1199 daAuts
   Orc:2: 1175 daAuts
    D:14: 1098 daAuts
  Lair:3: 1063 daAuts
     D:5: 1010 daAuts
Spider:1: 976 daAuts
